 Dungeon Crawl Stone Soup version 0.29.1-13-g9f3cf754e1 (webtiles) character file.

Game seed: 6257822244101499596

61 Chiseanne the Covered (level 3, 0/29 HPs)
             Began as a Demonspawn Wanderer on Jan 29, 2023.
             Succumbed to an adder's poison
             ... on level 2 of the Dungeon.
             The game lasted 00:02:49 (1101 turns).

Chiseanne the Covered (Demonspawn Wanderer)         Turns: 1101, Time: 00:02:50

Health: 0/29       AC:  9    Str: 12    XL:     3   Next: 83%
Magic:  3/3        EV:  8    Int: 11    God:
Gold:   65         SH:  4    Dex: 16    Spells: 2/2 levels left

rFire   . . .      SeeInvis .   a - +1 quarterstaff (freeze)
rCold   . . .      Faith    .   (shield currently unavailable)
rNeg    . . .      Spirit   .   b - +2 scale mail
rPois   .          Reflect  .   (no helmet)
rElec   .          Harm     .   (no cloak)
rCorr   .          Rampage  .   (no gloves)
Will    .....                   (no boots)
Stlth   ..........              (no amulet)
HPRegen 0.09/turn               (no ring)
MPRegen 0.08/turn               (no ring)

@: lethally poisoned (0 -> -7)
A: demonic guardian 1, condensation shield
a: no special abilities


You were on level 2 of the Dungeon.
You visited 1 branch of the dungeon, and saw 2 of its levels.

You collected 65 gold pieces.

Inventory:

Hand Weapons
 a - a +1 quarterstaff of freezing (weapon)
Missiles
 f - a throwing net (quivered)
 g - 11 stones
 i - 6 poisoned darts
Armour
 b - a +2 scale mail (worn)
Scrolls
 c - a scroll of teleportation
 d - 2 scrolls of identify
 h - a scroll of fear {unknown}
 j - a scroll of vulnerability {unknown}
Potions
 e - 4 potions of curing


   Skills:
 * Level 3.3 Fighting
 - Level 1.0 Staves
 * Level 5.1 Armour
 - Level 1.2 Invocations
 - Level 1.0 Evocations


You had 2 spell levels left.
You didn't know any spells.
Your spell library was empty.

Dungeon Overview and Level Annotations

Branches:
Dungeon (2/15)

Altars:

Shops:
D:1 (


Innate Abilities, Weirdness & Mutations

A weak demonic guardian rushes to your aid.
A meltable shield of frost defends you. (SH +4)


Message History

The adder attacks as you move away! The adder closely misses you.
The adder barely misses you.
A bat comes into view.
Found a scroll of identify.
You closely miss the bat. You block the bat's attack.
The adder bites you but does no damage. The adder completely misses you.
A hobgoblin comes into view.
The hobgoblin shouts!
The bat closely misses you. The adder attacks as you move away!
You block the adder's attack. The bat hits you but does no damage. x2
An endoplasm comes into view.
The bat hits you but does no damage. x2; The adder bites you.
* * * LOW HITPOINT WARNING * * *
The bat hits you but does no damage. The hobgoblin hits you.
* * * LOW HITPOINT WARNING * * *
A demonic guardian appears!
The bat hits you but does no damage.
Your quasit completely misses the endoplasm.
Your quasit claws the endoplasm.
Your quasit completely misses the endoplasm.
The endoplasm freezes you.
You are frozen.
* * * LOW HITPOINT WARNING * * *
The hobgoblin hits you but does no damage.
The bat hits you but does no damage.
Your quasit bites the endoplasm.
Your quasit claws the endoplasm. x2; You block the adder's attack.
The bat hits you but does no damage.
The endoplasm closely misses your quasit.
The hobgoblin hits you but does no damage.
The bat attacks as you move away! The bat hits you.
* * * LOW HITPOINT WARNING * * *
Found 13 gold pieces.
The bat barely misses you.
Your quasit bites the endoplasm.
The endoplasm dies!
The adder attacks as you move away! The adder bites you.
* * * LOW HITPOINT WARNING * * *
You are lethally poisoned!
The adder poisons you!
You die...

...# .# #. ###...#
... #. .## #.. #. #
#$. #. #.# .#######.
#.##### .........
######.#5..#
#########
#..........### ###
####@.S....########..
#..gb.g.g..##.g...
#.......##.##.##.#
###?..####.##.##.#
#...# #.##.##.# ##.##
#g##.##.# #.#
#.##.##.# #.#
#.g...#.#
.......##.....


You could see 2 gnolls, an adder, a hobgoblin, a bat and a friendly quasit
(summoned).

Vanquished Creatures
  2 adders (D:2)
  A gnoll (D:2)
  A dart slug (D:2)
  A ball python (D:1)
  An endoplasm (D:1)
  2 giant cockroaches (D:1)
  A goblin (D:1)
  2 hobgoblins (D:1)
  3 bats (D:1)
  3 frilled lizards
  2 kobolds (D:1)
  4 rats (D:1)
23 creatures vanquished.

Vanquished Creatures (collateral kills)
  A gnoll (D:2)
  An endoplasm (D:2)
2 creatures vanquished.

Grand Total: 25 creatures vanquished

Notes
Turn   | Place    | Note
-------+----------+-------------------------------------------
     0 | D:1      | Chiseanne the Demonspawn Wanderer began the quest for the
                  | Orb.
     0 | D:1      | Chiseanne set off with the following items: a +1
                  | quarterstaff, a +2 scale mail, a scroll of teleportation.
     0 | D:1      | Reached XP level 1. HP: 16/16 MP: 1/1
    66 | D:1      | Found a faded altar of an unknown god.
    76 | D:1      | Found Idwot's Weapon Shoppe.
   283 | D:1      | Gained mutation: A meltable shield of frost defends you.
                  | (SH +4) [demonic ancestry]
   283 | D:1      | Reached XP level 2. HP: 21/23 MP: 2/2
   958 | D:2      | Gained mutation: A weak demonic guardian rushes to your
                  | aid. [demonic ancestry]
   958 | D:2      | Reached XP level 3. HP: 28/28 MP: 3/3
   981 | D:2      | Reached skill level 5 in Armour
  1101 | D:2      | HP: 1/29 [adder (2)]
  1101 | D:2      | Succumbed to an adder's poison

Illustrated notes

Levels and vault maps discovered:
D:1:      doesnt_arrival_eight_statues, layout_basic, serial_shops, shop,
          hellmonk_ecumenical_altar_crossroads, amethyst_killhole,
          dreamdust_wishing_well, nicolae_concentric_dashed_squares_mild
D:2:      layout_loops_ring

Skill      XL: |  1  2  3 |
---------------+----------+-----
Fighting       | 3 |  3.3
Armour         | 5 |  5.1
Staves         | |  1.0
Invocations    | |  1.2
Evocations     | |  1.0

Action                   || total
-------------------------++-------
Melee: Quarterstaff      ||    75
  Use: Scroll            ||     2
Armor: Scale mail        ||    58
Dodge: Dodged            ||    37
Block: Other             ||    15
